 Dungeon Crawl Stone Soup version 0.29.1-2-gbd0b4ee654 (webtiles) character file.

Game seed: 18101071366320019176

461 GigaChad the Shield-Bearer (level 6, -6/55 (56) HPs)
             Began as a Minotaur Fighter on Nov 21, 2022.
             Was a Follower of the Shining One.
             Mangled by a wight
             ... wielding a +0 trident
              (8 damage)
             ... on level 3 of the Dungeon.
             The game lasted 00:08:03 (2668 turns).

GigaChad the Shield-Bearer (Minotaur Fighter)       Turns: 2668, Time: 00:08:04

HP:   -6/55 (56)    AC:  9    Str: 22    XL:     6   Next: 79%
MP:   5/5           EV:  4    Int:  5    God:    the Shining One [*.....]
Gold: 139           SH: 13    Dex: 10    Spells: 5/5 levels left

rFire   . . .      SeeInvis .   a - +2 war axe (freeze)
rCold   . . .      Faith    .   m - +0 tower shield
rNeg    . . .      Spirit   .   p - +0 chain mail
rPois   .          Reflect  .   (helmet restricted)
rElec   .          Harm     .   (no cloak)
rCorr   .          Rampage  .   (no gloves)
Will    .....                   (no boots)
Stlth   ..........              (no amulet)
HPRegen 0.18/turn               (no ring)
MPRegen 0.09/turn               (no ring)

@: glowing, lightly drained
A: horns 2, retaliatory headbutt
a: Renounce Religion, Divine Shield


You were on level 3 of the Dungeon.
You worshipped the Shining One.
The Shining One was aware of your devotion.
You visited 1 branch of the dungeon, and saw 3 of its levels.
You also visited: Sewer.

You collected 139 gold pieces.

Inventory:

Hand Weapons
 a - a +2 war axe of freezing (weapon)
 q - a +0 hand axe of venom
Armour
 b - a +0 scale mail
 c - a +0 buckler
 m - a +0 tower shield (worn)
 p - a +0 chain mail (worn)
Scrolls
 f - 5 scrolls of identify
 g - 3 scrolls of teleportation
Potions
 d - 2 potions of might
 e - 3 potions of heal wounds {unknown}
 h - a potion of curing {unknown}
 i - 2 potions of attraction {unknown}
 j - 2 potions of lignification {unknown}
 l - a potion of invisibility {unknown}
 n - a potion of mutation {unknown}
 o - 2 potions of cancellation {unknown}


   Skills:
 * Level 5.2 Fighting
 + Level 5.5 Axes
 + Level 4.7 Armour
 * Level 6.0 Shields


You had 5 spell levels left.
You didn't know any spells.
Your spell library contained the following spells:

 Spells                   Type           Power      Damage    Failure   Level
 Magic Dart               Conj           0%         1d3       100%        1
 Call Imp                 Summ           0%         N/A       100%        2
 Mephitic Cloud           Conj/Pois/Air  0%         N/A       100%        3


Dungeon Overview and Level Annotations

Branches:
Dungeon (3/15)              Sewer (visited)

Altars:
The Shining One


Innate Abilities, Weirdness & Mutations

You have a pair of horns on your head.
You reflexively headbutt those who attack you in melee.


Message History

You feel drained.
* * * LOW HITPOINT WARNING * * *
You block warriortoast's ghost's attack.
You hit warriortoast's ghost. You freeze warriortoast's ghost.
Warriortoast's ghost is moderately damaged.
The wight hits you but does no damage.
Warriortoast's ghost hits you but does no damage.
The wight hits you but does no damage.
Warriortoast's ghost hits you but does no damage.
You hit warriortoast's ghost. You freeze warriortoast's ghost.
You headbutt warriortoast's ghost.
Warriortoast's ghost is heavily damaged.
You block the wight's attack.
You block warriortoast's ghost's attack.
You barely miss warriortoast's ghost. You headbutt warriortoast's ghost!
Warriortoast's ghost is almost destroyed.
The wight hits you from afar with a +0 trident!
* * * LOW HITPOINT WARNING * * *
You feel drained.
* * * LOW HITPOINT WARNING * * *
Warriortoast's ghost hits you but does no damage.
You block the wight's attack.
Warriortoast's ghost hits you but does no damage.
You slash warriortoast's ghost! You freeze warriortoast's ghost.
You destroy warriortoast's ghost!
The Shining One accepts your kill. You block the wight's attack. x2
Your life force feels restored.
Your Shields skill increases to level 6!
The wight hits you with a +0 trident.
* * * LOW HITPOINT WARNING * * *
There is an open translucent door here.
The wight hits you with a +0 trident. The Shining One protects you from harm!
You feel drained.
You hit the wight but do no damage. You block the wight's attack.
You slash the wight!
The wight is moderately damaged.
You block the wight's attack. The wight hits you with a +0 trident!
You die...

...#######
.........#
...#####.# #.#
#######.#
#.)z#...#
#.?@'...#
#.$.#...# .##
.. #####.#.#
..####.###
#.#.#
#.#..>....####
#.#.#
#.#.##.##....
..#.#
#.#.#...#..#
#..#.#
###.....#....##
#..#.#
.##...#...#...#
#..#.#


You could see a wight.

Vanquished Creatures
  The ghost of warriortoast the Sneak, an amateur SpEn (D:3)
  2 bullfrogs (Sewer)
  A jelly (D:3)
  8 adders
  2 river rats (Sewer)
  7 orcs
  13 endoplasms
  6 giant cockroaches
  2 goblins
  7 hobgoblins
  3 jackals (D:3)
  2 kobolds
  2 quokkas (D:1)
  23 ball pythons
  6 bats
  3 frilled lizards
  28 rats
116 creatures vanquished.

Notes
Turn   | Place    | Note
-------+----------+-------------------------------------------
     0 | D:1      | GigaChad the Minotaur Fighter began the quest for the Orb.
     0 | D:1      | Reached XP level 1. HP: 19/19 MP: 0/0
   197 | D:1      | Reached skill level 4 in Shields
   197 | D:1      | Reached XP level 2. HP: 19/27 MP: 1/1
   742 | D:2      | Reached XP level 3. HP: 23/33 MP: 2/2
   859 | D:2      | Found a glowing golden altar of the Shining One.
   896 | D:2      | Became a worshipper of the Shining One
  1194 | D:2      | Reached XP level 4. HP: 40/40 MP: 3/3
  1459 | D:2      | Found a faded altar of an unknown god.
  1678 | D:3      | Found a glowing drain.
  1702 | Sewer    | Entered a sewer
  1852 | Sewer    | Reached skill level 5 in Shields
  2039 | Sewer    | Reached XP level 5. HP: 46/46 MP: 4/4
  2073 | Sewer    | Reached * piety under the Shining One
  2140 | Sewer    | Reached skill level 5 in Axes
  2140 | Sewer    | Reached XP level 6. HP: 38/55 MP: 5/5
  2450 | D:3      | Reached skill level 5 in Fighting
  2633 | D:3      | Found a runed translucent door.
  2633 | D:3      | Noticed warriortoast's ghost (amateur SpEn)
  2664 | D:3      | Killed warriortoast's ghost
  2665 | D:3      | Reached skill level 6 in Shields
  2665 | D:3      | HP: 1/56 [wight/+0 trident (3)]
  2666 | D:3      | The Shining One protects you from harm!
  2668 | D:3      | Mangled by a wight

Illustrated notes

Levels and vault maps discovered:
D:1:      minmay_arrival_five_plusses, layout_rooms
D:2:      layout_loops_ring, hellmonk_ecumenical_altar_defaced_shrine,
          basic_altar
D:3:      layout_loops_ring, chequers_temple_overflow_statue_of_worship,
          portal_sewer_entry_a, ebering_ghost_inner_flame

Skill      XL: |  1  2  3  4  5  6 |
---------------+-------------------+-----
Shields        | 4 5 6 |  6.0
Axes           | 3 4 5 |  5.5
Armour         | 4 |  4.7
Fighting       | 4 5 |  5.2

Action                   |  1- 3 |  4- 6 || total
-------------------------+-------+-------++-------
Melee: War axe           |    67 |   112 ||   179
       Headbutt          |     6 |    11 ||    17
  Use: Scroll            |     3 |     5 ||     8
Armor: Scale mail        |    38 |       ||    38
       Chain mail        |    13 |   103 ||   116
Dodge: Dodged            |    20 |    24 ||    44
Block: Buckler           |    10 |       ||    10
       Tower shield      |    25 |   153 ||   178
